 Dungeon Crawl Stone Soup version 0.17-a0-1399-gd5b76e1 (webtiles) character file.

2340 Fluffy the Carver (level 9, -15/69 HPs)
             Began as a Demonspawn Gladiator on June 19, 2015.
             Demolished by a hill giant
             ... wielding a +0 giant club
              (25 damage)
             ... on level 7 of the Dungeon.
             The game lasted 00:30:30 (6529 turns).

Fluffy the Carver (Demonspawn Gladiator)            Turns: 6529, Time: 00:30:31

Health: -15/69     AC: 15    Str: 18    XL:     9   Next: 20%
Magic:  9/9        EV:  3    Int:  7    God:
Gold:   476        SH:  4    Dex: 14    Spells: 0 memorised, 8 levels left

rFire  + . .     SeeInvis +     a - +1 long sword
rCold  x . .     Clarity  .     t - +0 chain mail (curse)
rNeg   + . .     SustAt   .     B - +1 buckler {rN+}
rPois  .         Gourm    .     (helmet unavailable)
rElec  .         Spirit   .     A - +0 cloak
rCorr  .         Warding  .     I - +0 pair of gloves
rMut   .         Stasis   .     j - +1 pair of boots
MR     .....                    (no amulet)
Stlth  ..........               r - ring of fire
                                x - -3 ring of intelligence (curse)

@: not resistant to hostile enchantments, extremely unstealthy
A: antennae 3, powered by death 2
a: no special abilities


You were on level 7 of the Dungeon.
You were hungry.

You visited 1 branch of the dungeon, and saw 7 of its levels.
You also visited: Sewer.

You collected 476 gold pieces.

Inventory:

Hand weapons
 a - a +1 long sword (weapon)
Missiles
 n - 4 tomahawks of returning (quivered)
Armour
 j - a +1 pair of boots (worn)
 t - a cursed +0 chain mail (worn)
 A - a +0 cloak (worn)
 B - a +1 buckler of positive energy (worn)
 I - a +0 pair of gloves (worn)
Jewellery
 r - a ring of fire (right hand)
 x - a cursed -3 ring of intelligence (left hand)
 K - an uncursed ring of sustain attributes
Magical devices
 p - a wand of hasting (3)
 y - a wand of flame (16)
 L - a wand of fire (9)
Scrolls
 f - a scroll of fog
 i - 2 scrolls of magic mapping
 C - a scroll of teleportation
 F - a scroll of amnesia
 G - a scroll of blinking
 M - a scroll of enchant armour
Potions
 b - a potion of brilliance
 c - a potion of might
 g - 5 potions of curing
 h - a potion of lignification
 k - 3 potions of heal wounds
 l - 2 potions of cancellation
 o - 3 potions of agility
 q - 2 potions of berserk rage
 u - 4 potions of resistance {unknown}
 v - a potion of degeneration {unknown}
 w - 3 potions of magic {unknown}
 z - a potion of beneficial mutation {unknown}
 D - 2 potions of flight {unknown}
Comestibles
 e - 5 bread rations
 m - 8 fruits
 s - 2 meat rations
 E - a slice of pizza
 H - a beef jerky


   Skills:
 + Level 5.7 Fighting
 + Level 8.4 Long Blades
 - Level 1.7 Throwing
 + Level 6.1 Armour
 + Level 2.9 Dodging


You had 8 spell levels left.
You didn't know any spells.

Dungeon Overview and Level Annotations

Branches:
Dungeon (7/15)
 Temple: D:4-7

Altars:
Ashenzari
Fedhas
Kikubaaqudgha
Okawaru
Qazlal
Ru
Trog
Xom

Shops:
D:5 [


Innate Abilities, Weirdness & Mutations

You have a pair of large antennae on your head (SInv).
You regenerate health from kills.


Message History

You throw a throwing net. The throwing net hits the hill giant.
The hill giant is too large for the net to hold!
The hill giant hits you but does no damage.
You slash the hill giant!
The hill giant is lightly wounded.
The hill giant hits you with a giant club.
You hit the hill giant but do no damage.
The hill giant is lightly wounded.
You slash the hill giant!
The hill giant is moderately wounded.
The hill giant barely misses you.
You hit the hill giant.
The hill giant is moderately wounded.
The hill giant hits you with a giant club!
You hit the hill giant.
The hill giant is moderately wounded.
The hill giant hits you with a giant club!!
* * * LOW HITPOINT WARNING * * *
The hill giant hits you with a giant club!!
You die...

###..####
##..####
##....###...
#..........
##..####....
#######..## ..
###........##
##...........#
#......)@C...#
.......<...(.#
..............#
..............#
..............#
...............#
#..............#
#.............##
##...........##


You could see a hill giant.

Vanquished Creatures
  Grinder (D:6)
  Eustachio (D:5)
  Duvessa (D:5)
  The ghost of RobertPalmer the Cudgeler, an average OgCK of Xom (D:4)
  An ogre (D:5)
  4 phantoms
  An ice beast (D:6)
  3 centaurs
  A giant frog (D:6)
  Dowan (D:5)
  A big kobold (Sewer)
  2 scorpions
  A crimson imp (D:6)
  3 hounds
  2 orc wizards (D:4)
  Crazy Yiuf (D:5)
  An orc priest (D:4)
  Ijyb (D:2)
  A giant frog skeleton (D:4)
  A jelly (D:3)
  An iguana (D:6)
  2 worker ants
  10 gnolls
  A river rat (D:6)
  7 adders
  An ooze (D:1)
  An adder skeleton (D:5)
  7 worms
  5 giant geckos
  17 orcs
  10 bats
  3 bat zombies (D:5)
  23 goblins
  15 hobgoblins
  15 jackals
  17 kobolds
  4 quokkas
  2 ball pythons
  7 giant cockroaches
  7 giant newts
  A jackal skeleton (D:4)
  A quokka skeleton (D:4)
  17 rats
203 creatures vanquished.

Notes
Turn   | Place    | Note
--------------------------------------------------------------
     0 | D:1      | Fluffy the Demonspawn Gladiator began the quest for the Orb.
     0 | D:1      | Reached XP level 1. HP: 16/16 MP: 1/1
   325 | D:1      | Reached skill level 3 in Long Blades
   412 | D:1      | Gained mutation: You regenerate a little health from kills. [demonic ancestry]
   412 | D:1      | Reached XP level 2. HP: 22/22 MP: 2/2
   662 | D:1      | Gained mutation: You have a pair of small antennae on your head. [demonic ancestry]
   662 | D:1      | Reached XP level 3. HP: 22/27 MP: 3/3
  1134 | D:2      | Found an iron altar of Okawaru.
  1134 | D:2      | Found a bloodstained altar of Trog.
  1135 | D:2      | Reached skill level 4 in Long Blades
  1672 | D:2      | Noticed Ijyb
  1715 | D:2      | Killed Ijyb
  1715 | D:2      | Gained mutation: You regenerate health from kills. [demonic ancestry]
  1715 | D:2      | Reached XP level 4. HP: 28/33 MP: 4/4
  1929 | D:2      | Reached skill level 5 in Long Blades
  1943 | D:2      | Found a shimmering altar of Xom.
  2128 | D:2      | Gained mutation: You have a pair of antennae on your head. [demonic ancestry]
  2128 | D:2      | Reached XP level 5. HP: 21/38 MP: 5/5
  2276 | D:2      | Paralysed by an orc for 4 turns
  2752 | D:3      | Reached skill level 1 in Armour
  2941 | D:3      | Found a shattered altar of Ashenzari.
  3184 | D:3      | Found a sacrificial altar of Ru.
  3273 | D:4      | Gained mutation: You have a pair of large antennae on your head (SInv). [demonic ancestry]
  3273 | D:4      | Reached XP level 6. HP: 30/44 MP: 6/6
  3486 | D:4      | Reached skill level 6 in Long Blades
  3986 | D:4      | Noticed RobertPalmer's ghost (average OgCK)
  4004 | D:4      | Killed RobertPalmer's ghost
  4004 | D:4      | Reached XP level 7. HP: 18/50 MP: 7/7
  4178 | D:5      | Entered Level 5 of the Dungeon
  4343 | D:5      | Noticed Eustachio
  4360 | D:5      | Killed Eustachio
  4360 | D:5      | Reached skill level 7 in Long Blades
  4360 | D:5      | Reached XP level 8. HP: 45/58 MP: 8/8
  4625 | D:5      | Found Zaupt's Antique Armour Emporium.
  4887 | D:5      | Reached skill level 5 in Armour
  4924 | D:5      | Noticed Duvessa
  4924 | D:5      | Noticed Dowan
  4939 | D:5      | Killed Duvessa
  4954 | D:5      | Killed Dowan
  4983 | D:5      | Noticed Crazy Yiuf
  4992 | D:5      | Killed Crazy Yiuf
  5124 | D:5      | Found an ancient bone altar of Kikubaaqudgha.
  5142 | D:5      | Found a blossoming altar of Fedhas.
  5257 | D:6      | Reached skill level 5 in Fighting
  5257 | D:6      | Reached skill level 8 in Long Blades
  5377 | D:6      | Found a glowing drain.
  5381 | Sewer    | Entered a sewer
  5479 | Sewer    | Found a glowing silver altar of Zin.
  5752 | D:6      | Found a stormy altar of Qazlal.
  5914 | D:6      | Reached XP level 9. HP: 68/68 MP: 9/9
  5993 | D:6      | Noticed Grinder
  6008 | D:6      | Paralysed by Grinder for 2 turns
  6021 | D:6      | Killed Grinder
  6100 | D:7      | Noticed a hill giant
  6529 | D:7      | Demolished by a hill giant

Vault maps used:
D:1:      minmay_arrival_arboretum_small
D:2:      kennysheep_goblin_castle, tgw_xom, grunt_temple_overflow_open
D:3:      ashenzari_altar_1, minivault_14, nicolae_ru_path_of_blood
D:4:      wad_floor_pattern_1
D:5:      lemuel_zombie_altar_kikubaaqudgha, kennysheep_mini, first_bread,
          serial_shops, nicolae_shop_overgrown_old_shop, serial_curves,
          eino_curves_02, eino_curves_04, uniq_crazy_yiuf_cottage,
          uniq_eustachio, uniq_duvessa
D:6:      nicolae_qazlal_eye_of_the_storm, gup_sewer_entry_spiral, uniq_grinder
D:7:      lemuel_doored_altar, kennysheep_little_box, minmay_temple_entry_grid
Sewer:    sewer_kobolds

Action                   |  1- 3 |  4- 6 |  7- 9 || total
-------------------------+-------+-------+-------++-------
Melee: Long sword        |   184 |   371 |   406 ||   961
Throw: Tomahawk          |       |       |    17 ||    17
       Throwing net      |       |       |     3 ||     3
  Use: Scroll            |       |     2 |    14 ||    16
 Stab: Sleeping          |     1 |       |       ||     1
       Invisible         |       |     3 |       ||     3
  Eat: Chunk             |     3 |     8 |     9 ||    20
